 Dungeon Crawl Stone Soup version 0.27.1-33-g824d729ab1 (webtiles) character file.

Game seed: 928114903228683322

30207 pkoi the Martial Artist (level 13, -11/94 HPs)
             Began as a Purple Draconian Monk on Dec 17, 2021.
             Was a High Priest of Okawaru.
             Mangled by a six-headed hydra (33 damage)
             ... on level 4 of the Lair of Beasts on Dec 19, 2021.
             The game lasted 00:38:45 (23276 turns).

pkoi the Martial Artist (Purple Draconian Monk)    Turns: 23276, Time: 00:38:46

Health: -11/94     AC: 17    Str: 14    XL:     13   Next: 19%
Magic:  32/32      EV: 20    Int: 26    God:    Okawaru [*****.]
Gold:   903        SH:  0    Dex: 16    Spells: 13/24 levels left

rFire    + . .     SeeInvis .     - Unarmed
rCold    . . .     Faith    .   (no shield)
rNeg     . . .     Spirit   .   (armour unavailable)
rPois    .         Reflect  .   e - +3 hat of Pondering {ponderous, Will+ MP+10 Int+5}
rElec    .         Harm     .   H - +0 cloak "Ukyn" {-Tele Will++ Dex+2 Slay+2}
rCorr    .         Rampage  .   a - +2 pair of gloves
Will     ++++.     NoTele   +   o - +1 pair of boots {Stlth+}
Stlth    +++.......             Q - amulet "Soidwos" {RegenMP -Tele Int+6}
HPRegen  0.25/turn              z - +4 ring of evasion
MPRegen  0.48/turn              n - ring of protection from fire

@: sleeping, hasted, slow
A: breathe power, AC +8, unfitting armour, cold-blooded
a: Breathe Dispelling Energy, Renounce Religion, Heroism, Finesse


You were on level 4 of the Lair of Beasts.
You worshipped Okawaru.
Okawaru was extremely pleased with you.
You visited 3 branches of the dungeon, and saw 16 of its levels.

You collected 923 gold pieces.
You spent 20 gold pieces at shops.

Inventory:

Hand Weapons
 b - a +0 shortbow of venom
 u - a +2 dagger of venom
Missiles
 f - 3 throwing nets
 l - 65 poisoned darts (quivered)
 q - 3 curare-tipped darts
 w - 5 datura-tipped darts
 A - 331 arrows
Armour
 a - a +2 pair of gloves (worn)
 e - the +3 hat of Pondering (worn) {ponderous, Will+ MP+10 Int+5}
   (You took it off Gastronok on level 10 of the Dungeon)

   Int:       It affects your intelligence (+5).
   MP:        It affects your magic capacity (+10).
   Will:      It increases your willpower.
 o - a +1 pair of boots of stealth (worn)
 s - a +0 cloak
 H - the +0 cloak "Ukyn" (worn) {-Tele Will++ Dex+2 Slay+2}
   (Okawaru gifted it to you on level 11 of the Dungeon)

   Dex:       It affects your dexterity (+2).
   Slay:      It affects your accuracy & damage with ranged weapons and melee
   (+2).
   -Tele:     It prevents most forms of teleportation.
   Will:      It greatly increases your willpower.
Jewellery
 d - a ring of positive energy
 n - a ring of protection from fire (right hand)
 r - a ring of ice
 y - an amulet of reflection
 z - a +4 ring of evasion (left hand)
 B - a ring of wizardry
 F - a ring of fire
 J - a ring of resist corrosion
 O - a ring of willpower
 Q - the amulet "Soidwos" (around neck) {RegenMP -Tele Int+6}
   (You found it on level 4 of the Lair of Beasts)

   [amulet of magic regeneration]

   It increases your rate of magic regeneration.
   Int:       It affects your intelligence (+6).
   -Tele:     It prevents most forms of teleportation.
Wands
 i - a wand of iceblast (20)
 p - a wand of polymorph (18)
 t - a wand of paralysis (4)
 C - a wand of flame (42)
 G - a wand of digging (6)
 K - a wand of charming (6)
 L - a wand of mindburst (22)
Scrolls
 c - 9 scrolls of blinking
 k - 10 scrolls of teleportation
 x - 4 scrolls of identify
 D - 2 scrolls of enchant armour
 I - 2 scrolls of magic mapping
 N - a scroll of brand weapon
 P - a scroll of silence
Potions
 g - 3 potions of ambrosia
 h - 2 potions of heal wounds
 j - 4 potions of brilliance
 m - 2 potions of curing
 v - a potion of berserk rage
 E - a potion of haste
 M - a potion of resistance


   Skills:
 - Level 3.2 Fighting
 + Level 3.6 Bows
 - Level 8.1 Dodging
 - Level 1.7 Stealth
 * Level 14.3 Unarmed Combat
 - Level 6.0 Spellcasting
 + Level 4.9 Summonings
 + Level 5.2 Translocations
 - Level 5.6 Transmutations
 - Level 5.5 Poison Magic
 - Level 9.0 Invocations
 - Level 1.2 Evocations


You had 13 spell levels left.
You knew the following spells:

 Your Spells              Type           Power      Damage    Failure   Level
a - Apportation           Tloc           68%        N/A       1%          1
b - Spider Form           Tmut/Pois      18%        N/A       1%          3
c - Call Imp              Summ           33%        N/A       1%          2
d - Summon Forest         Summ/Tloc      17%        N/A       24%         5

Your spell library contained the following spells:

 Spells                   Type           Power      Damage    Failure   Level
 Beastly Appendage        Tmut           74%        N/A       1%          1
 Summon Small Mammal      Summ           100%       N/A       1%          1
 Wereblood                Tmut           37%        N/A       1%          2
 Animate Skeleton         Necr           14%        N/A       7%          1
 Corona                   Hex            7%         N/A       7%          1
 Magic Dart               Conj           28%        1d4       7%          1
 Sandblast                Erth           14%        2d6       7%          1
 Mephitic Cloud           Conj/Pois/Air  17%        N/A       10%         3
 Eringya's Noxious Bog    Tmut/Pois      18%        N/A       71%         6
 Summon Hydra             Summ           16%        N/A       100%        7


Dungeon Overview and Level Annotations

Branches:
Dungeon (11/15)            Temple (1/1) D:5            Lair (4/6) D:11
  Swamp (0/4) Lair:2        Snake (0/4) Lair:4
    Orc: D:9-12

Altars:
Ashenzari
Cheibriados
Dithmenos
Elyvilon
Fedhas
Gozag
Hepliaklqana
Kikubaaqudgha
Makhleb
Nemelex Xobeh
Okawaru
Qazlal
Ru
Sif Muna
Trog
Uskayaw
Vehumet
Wu Jian
Xom
Yredelemnul
Zin
The Shining One

Shops:
D:1 ![:   D:8 (   D:11 [

Portals:
Abyss: D:9

Annotations:
D:9 2 transporters, 0gre's ghost, journeyman GnIE
Lair:2 exclusion: oklob plant


Innate Abilities, Weirdness & Mutations

You can breathe bolts of dispelling energy.
Your rich purple scales are hard. (AC +8)
You cannot fit into any form of body armour.
You are cold-blooded and may be slowed by cold attacks.


Message History

The six-headed hydra bites you but does no damage.
The six-headed hydra completely misses you.
The six-headed hydra closely misses you.
Your crimson imp blinks!
Unknown command.
Unknown command.
Unknown command.
The six-headed hydra barely misses you. The six-headed hydra misses you.
The six-headed hydra closely misses you.
The six-headed hydra barely misses you. The six-headed hydra bites you.
* * * LOW HITPOINT WARNING * * *
The six-headed hydra closely misses you.
You see here a +0 robe.
Aiming: Charm
Press: ? - help, Shift-Dir - straight line, f - six-headed hydra
Aim: a six-headed hydra (lightly wounded, chance to affect: 18%)
Okay, then.
Unknown command.
Aiming: Mindburst
Press: ? - help, Shift-Dir - straight line, f - six-headed hydra
Aim: a six-headed hydra (lightly wounded, chance to affect: 36%)
Okay, then.
Unknown command.
Okay, then.
Unknown command.
Okay, then.
Unknown command.
You feel yourself speed up.
The six-headed hydra bites you but does no damage.
The six-headed hydra barely misses you. The six-headed hydra misses you.
The six-headed hydra bites you but does no damage.
The six-headed hydra closely misses you.
The six-headed hydra completely misses you.
The dream sheep bites you but does no damage.
Your crimson imp disappears in a puff of smoke!
Your crimson imp blinks!
The dream sheep shake their wool and sparkle.
You feel drowsy...
You fall asleep.
The six-headed hydra misses you. The six-headed hydra bites you!!
You die...

....###...........#..............
###..##..................#.......
##...##..................#.......
#....##..................###...##
.#...............................
.........................P.......
.................................
.................................
..............YD@................
.................................
.....P......5.Y..................
..........[..Y...................
.................................
....#.............#..............
#.####.......5....####P.#..#.....
#...........## #######.....
##..........P# .......


You could see a six-headed hydra (ally target), 3 dream sheep and 2 friendly
crimson imps.

Vanquished Creatures
  Gastronok (D:10)
  Fannar (D:10)
  A boulder beetle (Lair:2)
  2 hydras
  A catoblepas (Lair:2)
  Sonja (D:10)
  A skeletal warrior (D:10)
  Pikel (D:7)
  A deep elf pyromancer (D:10)
  2 cyclopes
  3 black mambas
  A gargoyle (D:11)
  Maggie (Lair:1)
  8 cane toads
  5 komodo dragons
  Psyche (D:11)
  2 ice devils (D:11)
  A merfolk (D:10)
  3 polar bears
  A hornet (D:9)
  2 trolls
  7 blink frogs (Lair:4)
  2 dream sheep (Lair:4)
  A shadow (D:11)
  3 wyverns
  A wraith (D:9)
  28 yaks
  3 steam dragons
  Grum (D:10)
  3 nagas (Lair:4)
  An acid dragon (D:10)
  9 water moccasins
  A sky beast (D:6)
  An orc warrior (D:6)
  3 ice beasts
  6 black bears
  3 necrophages
  2 ogres (D:5)
  21 wolves
  2 phantoms (D:5)
  4 centaurs
  2 lemures (D:7)
  A kobold brigand (D:5)
  4 scorpions
  12 bullfrogs
  A wyvern zombie (D:5)
  A water moccasin zombie (D:6)
  A wyvern skeleton (D:4)
  9 killer bees (D:9)
  3 wights (D:6)
  2 electric eels
  3 howler monkeys
  3 centaur zombies
  A centaur skeleton (D:6)
  A bullfrog skeleton (D:4)
  3 jellies
  Jessica (D:2)
  Terence (D:3)
  An iguana (D:5)
  5 orc wizards
  A scorpion zombie (D:5)
  A hound skeleton (D:4)
  A howler monkey zombie (D:5)
  Robin (D:2)
  4 gnolls (D:8)
  3 adders
  A shadow imp (D:5)
  8 white imps
  A howler monkey simulacrum (D:11)
  An ufetubus (D:11)
  2 adder zombies (D:3)
  A worm (D:2)
  2 dart slugs (D:1)
  9 orcs
  7 bats
  8 endoplasms
  4 giant cockroaches
  14 goblins
  13 hobgoblins
  A jackal (D:5)
  5 quokkas
  12 ball pythons
  A ball python zombie (D:3)
  3 frilled lizards
  12 kobolds
  A quokka skeleton (D:4)
  6 rats
320 creatures vanquished.

Vanquished Creatures (collateral kills)
  2 dream sheep (Lair:4)
  A butterfly (Lair:4)
3 creatures vanquished.

Vanquished Creatures (others)
  53 fungi
  65 plants
118 creatures vanquished.

Grand Total: 441 creatures vanquished

Notes
Turn   | Place    | Note
-------+----------+-------------------------------------------
     0 | D:1      | pkoi the Draconian Monk began the quest for the Orb.
     0 | D:1      | Reached XP level 1. HP: 19/19 MP: 1/1
   305 | D:1      | Reached XP level 2. HP: 23/26 MP: 2/2
   408 | D:1      | Learned a level 1 spell: Apportation
   414 | D:1      | Found Qatuitru's Armour Shop.
   532 | D:1      | Reached skill level 4 in Unarmed Combat
   558 | D:1      | Found Woogre's Book Emporium.
   581 | D:1      | Reached XP level 3. HP: 31/31 MP: 3/3
   894 | D:1      | Found Daenkoam's Distillery.
   900 | D:1      | Bought 2 potions of degeneration for 20 gold pieces
  1544 | D:2      | Noticed Jessica
  1546 | D:2      | Found a faded altar of an unknown god.
  1552 | D:2      | Killed Jessica
  1553 | D:2      | Reached skill level 5 in Unarmed Combat
  1553 | D:2      | Reached XP level 4. HP: 38/38 MP: 4/4
  1576 | D:2      | Noticed Robin
  1601 | D:2      | Killed Robin
  2531 | D:3      | Found a basalt altar of Yredelemnul.
  2555 | D:3      | Reached XP level 5. HP: 44/45 MP: 5/5
  2610 | D:3      | Noticed Terence
  2619 | D:3      | Killed Terence
  3043 | D:3      | Reached skill level 6 in Unarmed Combat
  3078 | D:4      | Reached XP level 6. HP: 37/51 MP: 6/6
  3774 | D:5      | Entered Level 5 of the Dungeon
  3801 | D:5      | Noticed an ice beast
  3802 | D:5      | Found a staircase to the Ecumenical Temple.
  3818 | D:5      | Killed an ice beast
  3819 | D:5      | Reached skill level 7 in Unarmed Combat
  3842 | Temple   | Entered the Ecumenical Temple
  4174 | Temple   | Became a worshipper of Warmaster Okawaru
  4174 | Temple   | Reached * piety under Okawaru
  4174 | Temple   | Reached ** piety under Okawaru
  4240 | Temple   | Your scales start taking on a rich purple colour.
  4240 | Temple   | Reached XP level 7. HP: 48/57 MP: 8/8
  4341 | D:5      | Reached skill level 1 in Spellcasting
  4341 | D:5      | Reached skill level 1 in Translocations
  5035 | D:5      | Reached skill level 8 in Unarmed Combat
  5037 | D:5      | Reached XP level 8. HP: 38/63 MP: 8/11
  5421 | D:5      | Reached *** piety under Okawaru
  6638 | D:6      | Reached skill level 5 in Dodging
  6845 | D:6      | Reached skill level 9 in Unarmed Combat
  7013 | D:6      | Reached skill level 1 in Bows
  7150 | D:6      | Found a shimmering blue altar of Sif Muna.
  7425 | D:6      | Got Sif Muna's Catalogue of Stones
  7701 | D:6      | Found a burning altar of Makhleb.
  7747 | D:6      | Reached XP level 9. HP: 70/70 MP: 15/15
  8812 | D:7      | Reached skill level 1 in Invocations
  8982 | D:6      | Reached **** piety under Okawaru
  9212 | D:7      | Learned a level 3 spell: Spider Form
  9344 | D:7      | Reached skill level 10 in Unarmed Combat
  9431 | D:7      | Noticed Pikel
  9496 | D:7      | Killed Pikel
  9497 | D:7      | Reached skill level 1 in Transmutations
  9497 | D:7      | Reached skill level 1 in Poison Magic
 10298 | D:8      | Reached XP level 10. HP: 77/77 MP: 16/16
 10472 | D:8      | Found an opulent altar of Gozag.
 10512 | D:8      | Reached ***** piety under Okawaru
 10776 | D:7      | Received a gift from Okawaru
 10931 | D:8      | Identified the +4 ring mail of Defiance {Str+2}
 11057 | D:8      | Found Totzil's Weapon Emporium.
 11170 | D:8      | Noticed a cyclops
 11179 | D:8      | Killed a cyclops
 11757 | D:9      | Found a one-way gate to the infinite horrors of the Abyss.
 11757 | D:9      | Noticed 0gre's ghost (journeyman GnIE)
 11757 | D:9      | Noticed a thrashing horror
 11763 | D:9      | Found a transporter.
 11773 | D:9      | Found a transporter.
 11790 | D:9      | Noticed a toenail golem
 11801 | D:9      | Noticed a toenail golem
 11803 | D:9      | Noticed a hell hog
 11841 | D:9      | Received a gift from Okawaru
 11842 | D:9      | Reached skill level 11 in Unarmed Combat
 12646 | D:9      | Reached skill level 5 in Invocations
 12864 | D:10     | Entered Level 10 of the Dungeon
 13077 | D:10     | Noticed Gastronok
 13656 | D:10     | Received a gift from Okawaru
 13707 | D:10     | Noticed Grum
 13722 | D:10     | Killed Grum
 13846 | D:10     | Noticed Sonja
 13856 | D:10     | Killed Gastronok
 13857 | D:10     | Reached XP level 11. HP: 51/82 MP: 15/17
 14267 | D:10     | Killed Sonja
 14270 | D:10     | HP: 4/82 [poisoned by Sonja]
 14274 | D:10     | HP: 1/82 [poisoned by Sonja]
 14874 | D:10     | Reached skill level 12 in Unarmed Combat
 15095 | D:10     | Noticed Fannar
 15098 | D:10     | Noticed a deep elf pyromancer
 15143 | D:10     | Killed a deep elf pyromancer
 15156 | D:10     | Killed Fannar
 15990 | D:11     | Noticed a skeletal warrior
 16048 | D:11     | Reached skill level 5 in Transmutations
 16173 | D:10     | Reached skill level 5 in Poison Magic
 16463 | D:11     | Noticed a skeletal warrior
 16463 | D:11     | Noticed a skeletal warrior
 16543 | D:11     | Found a staircase to the Lair.
 16908 | D:11     | Found Negroipaxo's Armour Shop.
 16993 | D:11     | Identified the +0 cloak "Ukyn" {-Tele Will++ Dex+2 Slay+2}
                  | (Okawaru gifted it to you on level 11 of the Dungeon)
 16993 | D:11     | Received a gift from Okawaru
 17202 | D:11     | Noticed Psyche
 17216 | D:11     | Killed Psyche
 17492 | D:10     | Killed a skeletal warrior
 17493 | D:10     | Reached XP level 12. HP: 54/89 MP: 18/18
 17998 | Lair:1   | Entered Level 1 of the Lair of Beasts
 18073 | Lair:1   | Learned a level 2 spell: Call Imp
 18075 | Lair:1   | Noticed Maggie
 18087 | Lair:1   | Killed Maggie
 18242 | Lair:1   | Reached skill level 1 in Summonings
 18578 | Lair:1   | Noticed a six-headed hydra
 18586 | Lair:1   | Killed a six-headed hydra
 18587 | Lair:1   | Reached skill level 13 in Unarmed Combat
 18587 | Lair:1   | Reached skill level 1 in Evocations
 19420 | Lair:2   | Noticed a seven-headed hydra
 19435 | Lair:2   | Killed a seven-headed hydra
 19436 | Lair:2   | Reached skill level 5 in Spellcasting
 19743 | Lair:2   | Noticed a catoblepas
 19755 | Lair:2   | Killed a catoblepas
 19829 | Lair:2   | Found a staircase to the Swamp.
 20116 | Lair:2   | Noticed a boulder beetle
 20145 | Lair:2   | Killed a boulder beetle
 20809 | Lair:2   | You fall into a shaft and drop 2 floors!
 20960 | Lair:4   | Found a staircase to the Snake Pit.
 21193 | Lair:3   | Received a gift from Okawaru
 21567 | Lair:3   | Found a shimmering blue altar of Sif Muna.
 21845 | Lair:3   | Reached skill level 14 in Unarmed Combat
 22333 | Lair:4   | Reached XP level 13. HP: 87/94 MP: 22/22
 22886 | Lair:4   | Reached skill level 5 in Translocations
 22892 | Lair:4   | Received a gift from Okawaru
 22983 | Lair:4   | Identified the amulet "Soidwos" {RegenMP -Tele Int+6}
 23005 | Lair:4   | Learned a level 5 spell: Summon Forest
 23042 | Lair:4   | Received a gift from Okawaru
 23276 | Lair:4   | Mangled by a six-headed hydra

Illustrated notes

Levels and vault maps discovered:
D:1:      heliophobic_arrival_dark_side_of_the_moon, layout_basic, serial_shops,
          shop, nicolae_diamond_shop, nicolae_diamond_shop
D:2:      layout_rooms, hellmonk_ecumenical_altar_arch_garden, uniq_robin,
          uniq_jessica
D:3:      minmay_door_path, layout_rooms, nicolae_yredelemnul_corpse_copse,
          uniq_terence
D:4:      layout_gridville
D:5:      minmay_recursive_quarters, layout_basic,
          minmay_temple_entry_mini_moons
D:6:      layout_basic, lightli_temple_of_fire, led_sif_book
D:7:      layout_cave_pools, small_statue_intersection, uniq_pikel
D:8:      layout_cave_pools, nicolae_gozag_seed_capital, serial_shops, shop
D:9:      layout_roguey, gammafunk_ghost_abyssal_escape
D:10:     layout_gridville, hangedman_fish_farm, uniq_fannar, uniq_sonja,
          uniq_grum, uniq_gastronok
D:11:     layout_rooms, due_lair_maze_entry_diamond, serial_ice, serial_ice_h,
          serial_ice_i, serial_ice_a, serial_ice_m,
          portal_ice_cave_demonic_guard, serial_shops, shop, uniq_psyche
Temple:   dpeg_five_rooms_temple
Lair:1:   layout_loops_ring, uniq_maggie
Lair:2:   layout_hall_layers, swamp_mist, serial_bayou_ford_a,
          infiniplex_staircase_pool_2, grunt_megastairs_3,
          minmay_lair_oklob_chamber
Lair:3:   layout_gridlike, basic_altar, grunt_forest_small_clearings,
          chequers_serial_rivers_micro_d, grunt_megastairs_5
Lair:4:   layout_hall_layers, minmay_snake_entry_guardpost_small,
          lemuel_fruit_fields, serial_bayou_shore_b

Skill      XL: |  1  2  3  4  5  6  7  8  9 10 11 12 13 |
---------------+----------------------------------------+-----
Unarmed Combat | 4 5 6 7 8 9 10 11 12 14 | 14.3
Dodging        | 3 4 5 6 7 8 |  8.1
Spellcasting   | 2 4 6 |  6.0
Translocations | 2 3 4 5 |  5.2
Bows           | 1 2 3 |  3.6
Invocations    | 3 5 7 8 9 |  9.0
Transmutations | 1 4 5 |  5.6
Poison Magic   | 1 4 5 |  5.5
Summonings     | 4 |  4.9
Evocations     | 1 |  1.2
Fighting       | |  3.2
Stealth        | |  1.7

Action                   |  1- 3 |  4- 6 |  7- 9 | 10-12 | 13-15 || total
-------------------------+-------+-------+-------+-------+-------++-------
Melee: Unarmed           |   113 |   108 |   398 |   762 |    90 ||  1471
       Tailslap          |    16 |    33 |    56 |    99 |    11 ||   215
       Punch             |     2 |     3 |    18 |    45 |     8 ||    76
       Dagger            |    14 |    67 |       |     4 |       ||    85
 Fire: Shortbow          |       |       |     3 |   121 |    37 ||   161
Throw: Dart              |       |       |    19 |     1 |     1 ||    21
 Cast: Apportation       |       |       |     7 |       |       ||     7
       Spider Form       |       |       |       |     1 |       ||     1
       Call Imp          |       |       |       |     5 |    10 ||    15
       Summon Forest     |       |       |       |       |     1 ||     1
Invok: Heroism           |       |       |     6 |    28 |     1 ||    35
       Finesse           |       |       |       |     5 |       ||     5
 Abil: Breathe Dispellin |       |       |    11 |     3 |       ||    14
Evoke: Wand              |       |       |       |    10 |       ||    10
  Use: Scroll            |     4 |     3 |       |    17 |       ||    24
       Potion            |       |       |       |     4 |     1 ||     5
 Stab: Sleeping          |     8 |     7 |     3 |     5 |       ||    23
       Distracted        |       |       |       |     2 |       ||     2
Armor: Skin              |    52 |    67 |   108 |   208 |    19 ||   454
Dodge: Dodged            |    51 |   132 |   229 |   635 |    73 ||  1120
Block: Other             |       |       |    30 |   174 |     9 ||   213
       Reflection        |       |       |     2 |     4 |       ||     6
